 Dungeon Crawl Stone Soup version 0.31-a0-1321-g5021b54cb2 (webtiles) character file.

Game seed: 2392692057358711075

11439 jlumianski the Grappler (level 11, 0/84 HPs)
             Began as a Gnoll Shapeshifter on Dec 21, 2023.
             Was an Initiate of Wu Jian.
             Slain by a two-headed ogre
             ... wielding a +0 giant spiked club
              (23 damage)
             ... on level 10 of the Dungeon.
             The game lasted 01:04:26 (10613 turns).

jlumianski the Grappler (Gnoll Shapeshifter)       Turns: 10613, Time: 01:04:27

Health: 0/84       AC:  9    Str: 27    XL:     11   Next: 77%
Magic:  15/21      EV: 19    Int:  9    God:    Wu Jian [......]
Gold:   750        SH:  0    Dex: 11    Spells: 6/23 levels left

rFire   + .          .
                       - Unarmed
rCold   . . .        (shield currently unavailable)
rNeg    . . .        S - melded +8 chain mail {ponderous}
rPois   +            l - +1 helmet
rElec   .            i - +1 cloak {rPois}
rCorr   .            s - +0 pair of gloves
SInv    .            U - +2 pair of boots {Fly}
Will    .....        (no amulet)
Stlth   ++           j - ring "Rulo" {rF+ Str+6}
HPRegen 1.14/turn    t - ring "Luqy" {Wiz Str+2}
MPRegen 0.17/turn

%: wizardry (x1)
@: about to teleport, flux-form, fugue, flying, glowing, studying 2 skills
A: glow, contaminating, fangs 1, strong nose, distributed training, regeneration
1, MP-powered wands
a: Begin Untransformation, Renounce Religion


You were on level 10 of the Dungeon.
You worshipped Wu Jian.
Wu Jian was noncommittal.
You were something dangerously unstable.
You visited 2 branches of the dungeon, and saw 11 of its levels.
You also visited: Bailey.

You collected 750 gold pieces.

Inventory:

Hand Weapons
 A - a +2 halberd of protection
 N - a +2 scimitar
 X - a +6 long sword of freezing
 Z - a +4 dagger of flaming
Missiles
 B - 2 throwing nets
 H - 24 poisoned darts (quivered)
 R - 16 boomerangs
Armour
 i - a +1 cloak of poison resistance (worn)
 l - a +1 helmet (worn)
 s - a +0 pair of gloves (worn)
 u - a +2 plate armour of fire resistance
 D - a +1 cloak
 I - +0 steam dragon scales
 S - a +8 chain mail of ponderousness (melded)
 U - a +2 pair of boots of flying (worn)
Magical Staves
 k - a staff of fire
Jewellery
 j - the ring "Rulo" (left hand) {rF+ Str+6}
   (You took it off a kobold in a bailey)

   [ring of strength]

   Str+6:     It affects your strength (+6).
   rF+:       It protects you from fire.
 p - a ring of positive energy
 t - a ring "Luqy" (right hand) {Wiz Str+2}
   (You took it off a kobold in a bailey)

   [ring of wizardry]

   Wiz:       It improves your spell success rate.
   Str+2:     It affects your strength (+2).
 z - a ring of magical power
 J - a ring of resist corrosion
Talismans
 c - a beast talisman
 C - a maw talisman
 V - a flux talisman (active)
Wands
 a - a wand of flame (8)
 d - a wand of charming (21)
 Y - a wand of iceblast (13)
Scrolls
 e - 2 scrolls of revelation
 h - 2 scrolls of immolation
 m - 4 scrolls of teleportation
 o - 2 scrolls of fog
 q - a scroll of vulnerability
 w - a scroll of acquirement {unknown}
 x - a scroll of amnesia {unknown}
 y - a scroll of fear {unknown}
 E - a scroll of torment {unknown}
 F - 2 scrolls of poison
 G - a scroll of brand weapon {unknown}
Potions
 b - 2 potions of lignification
 f - a potion of resistance {unknown}
 g - 2 potions of curing
 r - 4 potions of enlightenment
 v - a potion of magic
 K - a potion of brilliance {unknown}
 L - a potion of berserk rage {unknown}
 M - a potion of mutation
 O - a potion of cancellation {unknown}
 Q - a potion of attraction {unknown}
 W - a potion of might


   Skills:
 + Level 7.4 Fighting
 + Level 6.8 Short Blades
 + Level 6.8 Long Blades
 + Level 6.8 Axes
 + Level 6.8 Maces & Flails
 + Level 6.8 Polearms
 + Level 8.2 Staves
 + Level 6.8 Ranged Weapons
 + Level 6.8 Throwing
 + Level 6.8 Armour
 + Level 8.3 Dodging
 + Level 6.8 Stealth
 + Level 6.8 Shields
 + Level 9.6 Unarmed Combat
 + Level 6.8 Spellcasting
 + Level 5.7 Conjurations
 + Level 5.7 Hexes
 + Level 5.7 Summonings
 + Level 5.7 Necromancy
 + Level 5.7 Translocations
 + Level 5.7 Fire Magic
 + Level 5.7 Ice Magic
 + Level 6.6 Air Magic
 + Level 5.7 Earth Magic
 + Level 5.7 Alchemy
 + Level 7.5 Invocations
 + Level 6.8 Evocations
 + Level 9.1 Shapeshifting


You had 6 spell levels left.
You knew the following spells:

 Your Spells              Type           Power      Damage    Failure   Level
a - Summon Guardian Gole  Hex/Summ       13%        N/A       2%          3
b - Call Canine Familiar  Summ           13%        N/A       2%          3
c - Fugue of the Fallen   Necr           13%        N/A       2%          3
d - Airstrike             Air            7%         2d(2-18)  5%          4
e - Summon Lightning Spi  Summ/Air       14%        N/A       6%          4

Your spell library contained the following spells:

 Spells                   Type           Power      Damage    Failure   Level
 Summon Small Mammal      Summ           52%        N/A       1%          1
 Ensorcelled Hibernation  Hex/Ice        26%        N/A       1%          2
 Static Discharge         Conj/Air       28%        3-5/arc   1%          2
 Sublimation of Blood     Necr           13%        N/A       1%          2
 Anguish                  Hex/Necr       6%         N/A       8%          4
 Petrify                  Alch/Erth      13%        N/A       8%          4
 Irradiate                Conj/Alch      6%         3d13      21%         5


Dungeon Overview and Level Annotations

Branches:
Dungeon (10/15)            Temple (1/1) D:5          Bailey (visited)
   Lair: D:8-11         Orc: D:9-12

Altars:
Ashenzari
Cheibriados
Dithmenos
Elyvilon
Fedhas
Gozag
Hepliaklqana
Kikubaaqudgha
Makhleb
Nemelex Xobeh
Okawaru
Qazlal
Ru
Sif Muna
Trog
Uskayaw
Vehumet
Wu Jian
Xom
Yredelemnul
Zin
The Shining One


Innate Abilities, Weirdness & Mutations

You are something dangerously unstable.
You glow with magical radiation, making you easy to see and hit.
Foes you strike become dangerously contaminated with magical radiation.
You are incapable of wielding weapons or throwing items.
You have very sharp teeth.
Your uncanny sense of smell can sniff out nearby items.
Your experience applies equally to all skills.
Your natural rate of healing is unusually fast.
You expend magic power (3 MP) to strengthen your wands.


Message History

The fiery explosion engulfs Nergalle!!!
The fiery explosion engulfs the warg!
The spectral orc warrior closely misses you.
The warg closely misses you.
The orc priest looks encouraged for a moment.
You hear a bellow!
You hit the warg.
The warg shudders as magic cascades through it!
You kill the warg!
The Council accepts your kill.
You hear a bellow! x2
Nergalle is engulfed in blazing flames.
Nergalle casts a spell at you. The bolt of negative energy misses you.
The orc priest is engulfed in blazing flames.
The orc priest casts a cantrip, but nothing happens.
The spectral orc warrior hits you from afar with a +1 vampiric trident.
* * * LOW HITPOINT WARNING * * *
You feel drained.
* * * LOW HITPOINT WARNING * * *
Your life force feels restored.
You closely miss the orc priest.
Nergalle is engulfed in blazing flames.
Nergalle dies!
The Council accepts your kill.
The spectral orc warrior disappears in a puff of smoke!
The orc priest invokes the aid of Beogh against you.
Pain shoots through your body!
* * * LOW HITPOINT WARNING * * *
The orc priest is engulfed in blazing flames.
The orc priest dies!
The Council accepts your kill.
Okay, then.
Okay, then.
Found a short sword.
The orc priest begins to cast a cantrip, but forgets the words!
A two-headed ogre comes into view.
It is wielding a +0 giant spiked club and a +0 giant club.
As you read the scroll of teleportation, it crumbles to dust.
You feel strangely unstable. The gnoll barely misses you.
The two-headed ogre hits you with a +0 giant spiked club!!
You die...

..............####.#
......).##...##
.......)##...#
.........§.§.#
....##$..).§.# .∆
##...ooo)#
.........#.#
.........g#o# ∆
###...###opO# ###.
#..## ## .....
#..#..# #..#....
#..# .#.#. ...#
#.)... ..# #.#.#.#


You could see a two-headed ogre, 2 orc priests, an orc wizard, a gnoll and an
orc.

Vanquished Creatures
  A centaur warrior (D:9)
  An orc knight (Bailey)
  A deep elf pyromancer (D:9)
  Maurice (D:8)
  An efreet (D:9)
  2 trolls (D:9)
  2 hornets
  A wraith (D:9)
  3 wyverns
  Eustachio (Temple)
  2 slime creatures
  2 wargs (D:10)
  4 yaks
  A vampire mosquito (D:8)
  A steam dragon (D:5)
  A water moccasin (D:5)
  An acid dragon (D:9)
  Duvessa (D:4)
  9 orc warriors
  2 sky beasts
  A black bear (D:5)
  An ogre (D:5)
  4 centaurs
  3 phantoms
  4 kobold brigands
  3 bullfrogs
  4 scorpions
  11 wights
  Dowan (D:4)
  3 howler monkeys
  An electric eel (D:8)
  A jelly (D:4)
  2 gnoll boudas
  5 hounds
  4 iguanas
  4 orc priests
  5 orc wizards
  2 sleepcaps
  A killer bee simulacrum (D:9)
  14 gnolls
  8 adders
  A shadow imp (D:5)
  4 ufetubi
  A worm (D:5)
  3 dart slugs
  15 orcs
  8 ball pythons
  9 endoplasms
  6 giant cockroaches
  12 goblins
  7 hobgoblins
  28 kobolds
  5 quokkas
  5 bats
  A frilled lizard (D:2)
  4 rats
  A spectral hobgoblin (D:1)
230 creatures vanquished.

Vanquished Creatures (collateral kills)
  A two-headed ogre (D:9)
  An ugly thing (D:9)
  A wyvern (D:8)
  A phantom (D:7)
  2 orcs (D:10)
  3 kobolds (D:8)
9 creatures vanquished.

Vanquished Creatures (others)
  Nergalle (D:10)
  A troll (D:9)
  2 orc priests (D:10)
  An orc (D:10)
5 creatures vanquished.

Grand Total: 244 creatures vanquished

Notes
Turn   | Place    | Note
-------+----------+-------------------------------------------
     0 | D:1      | jlumianski the Gnoll Shapeshifter began the quest for the
                  | Orb.
     0 | D:1      | Reached XP level 1. HP: 17/17 MP: 1/1
   130 | D:1      | Reached XP level 2. HP: 19/23 MP: 2/2
   472 | D:1      | Reached XP level 3. HP: 24/28 MP: 3/3
   565 | D:2      | Reached skill level 1 in Invocations
   721 | D:2      | Reached skill level 1 in Short Blades
   721 | D:2      | Reached skill level 1 in Long Blades
   721 | D:2      | Reached skill level 1 in Axes
   721 | D:2      | Reached skill level 1 in Maces & Flails
   721 | D:2      | Reached skill level 1 in Polearms
   721 | D:2      | Reached skill level 1 in Staves
   721 | D:2      | Reached skill level 1 in Ranged Weapons
   721 | D:2      | Reached skill level 1 in Throwing
   721 | D:2      | Reached skill level 1 in Armour
   721 | D:2      | Reached skill level 1 in Stealth
   721 | D:2      | Reached skill level 1 in Shields
   721 | D:2      | Reached skill level 1 in Spellcasting
   721 | D:2      | Reached skill level 1 in Evocations
  1069 | D:2      | Reached XP level 4. HP: 34/34 MP: 5/5
  1102 | D:1      | Found a faded altar of an unknown god.
  1727 | D:3      | Reached skill level 1 in Conjurations
  1727 | D:3      | Reached skill level 1 in Hexes
  1727 | D:3      | Reached skill level 1 in Summonings
  1727 | D:3      | Reached skill level 1 in Necromancy
  1727 | D:3      | Reached skill level 1 in Translocations
  1727 | D:3      | Reached skill level 1 in Fire Magic
  1727 | D:3      | Reached skill level 1 in Ice Magic
  1727 | D:3      | Reached skill level 1 in Air Magic
  1727 | D:3      | Reached skill level 1 in Earth Magic
  1727 | D:3      | Reached skill level 1 in Alchemy
  1958 | D:4      | Noticed Duvessa
  1958 | D:4      | Noticed Dowan
  2065 | D:3      | Reached XP level 5. HP: 40/40 MP: 7/7
  2601 | D:4      | Noticed a phantom
  2610 | D:4      | Killed a phantom
  2611 | D:4      | Reached skill level 5 in Dodging
  2611 | D:4      | Reached XP level 6. HP: 41/47 MP: 9/9
  2667 | D:4      | Killed Duvessa
  2678 | D:4      | Killed Dowan
  2679 | D:4      | Reached XP level 7. HP: 23/52 MP: 10/10
  2814 | D:5      | Entered Level 5 of the Dungeon
  3089 | D:5      | Found a staircase to the Ecumenical Temple.
  3097 | Temple   | Entered the Ecumenical Temple
  3272 | D:5      | Noticed Eustachio
  3309 | Temple   | Killed Eustachio
  3450 | D:5      | Reached XP level 8. HP: 57/60 MP: 12/12
  3631 | D:4      | Found an ancient bone altar of Kikubaaqudgha.
  3891 | D:5      | Found a bloodstained altar of Trog.
  4837 | D:5      | Reached XP level 9. HP: 64/66 MP: 14/14
  5511 | D:7      | Found a stormy altar of Qazlal.
  5642 | D:8      | Noticed a hornet
  5653 | D:8      | Killed a hornet
  5654 | D:8      | Reached skill level 5 in Fighting
  6035 | D:8      | Found a hide-covered altar of Uskayaw.
  6041 | D:8      | Noticed a +0 hand axe
  6090 | D:8      | Found a flagged portal.
  6120 | Bailey   | Entered a bailey
  6157 | Bailey   | Noticed an orc knight
  6205 | Bailey   | Identified the ring "Rulo" {rF+ Str+6}
  6237 | Bailey   | Reached skill level 5 in Invocations
  6285 | Bailey   | Killed an orc knight
  6337 | Bailey   | Identified a ring "Luqy" {Wiz Str+2}
  6596 | Bailey   | Learned a level 3 spell: Summon Guardian Golem
  6600 | Bailey   | Learned a level 3 spell: Call Canine Familiar
  6709 | Bailey   | Learned a level 3 spell: Fugue of the Fallen
  6744 | Bailey   | Reached skill level 5 in Short Blades
  6744 | Bailey   | Reached skill level 5 in Long Blades
  6744 | Bailey   | Reached skill level 5 in Axes
  6744 | Bailey   | Reached skill level 5 in Maces & Flails
  6744 | Bailey   | Reached skill level 5 in Polearms
  6744 | Bailey   | Reached skill level 5 in Staves
  6744 | Bailey   | Reached skill level 5 in Ranged Weapons
  6744 | Bailey   | Reached skill level 5 in Throwing
  6744 | Bailey   | Reached skill level 5 in Armour
  6744 | Bailey   | Reached skill level 5 in Stealth
  6744 | Bailey   | Reached skill level 5 in Shields
  6744 | Bailey   | Reached skill level 5 in Spellcasting
  6744 | Bailey   | Reached skill level 5 in Evocations
  6744 | Bailey   | Reached XP level 10. HP: 76/76 MP: 13/17
  7209 | D:8      | Noticed Maurice
  7215 | D:8      | Maurice stole a flux talisman
  7218 | D:8      | Maurice stole 352 gold
  7220 | D:8      | Maurice stole 14 boomerangs
  7230 | D:8      | Maurice stole a ring of magical power
  7254 | D:8      | Something stole a +2 halberd of protection
  7266 | D:8      | Killed Maurice
  8303 | D:8      | Noticed a +0 dagger
  8498 | D:8      | Gained mutation: Your natural rate of healing is unusually
                  | fast. [potion of mutation]
  8498 | D:8      | Gained mutation: You expend magic power (3 MP) to
                  | strengthen your wands. [potion of mutation]
  8669 | D:8      | Reached skill level 5 in Air Magic
  9247 | D:9      | Found a broken altar of Ashenzari.
  9251 | D:9      | Found a hazy altar of Hepliaklqana.
  9344 | D:9      | Found a glowing silver altar of Zin.
  9444 | D:9      | Found a sparkling altar of Nemelex Xobeh.
  9552 | D:9      | Paralysed by a hornet for 2 turns
  9564 | D:9      | Reached skill level 5 in Conjurations
  9564 | D:9      | Reached skill level 5 in Hexes
  9564 | D:9      | Reached skill level 5 in Summonings
  9564 | D:9      | Reached skill level 5 in Necromancy
  9564 | D:9      | Reached skill level 5 in Translocations
  9564 | D:9      | Reached skill level 5 in Fire Magic
  9564 | D:9      | Reached skill level 5 in Ice Magic
  9564 | D:9      | Reached skill level 5 in Earth Magic
  9564 | D:9      | Reached skill level 5 in Alchemy
  9564 | D:9      | Reached XP level 11. HP: 44/83 MP: 16/20
  9856 | D:9      | Found an ornate altar of the Wu Jian Council.
  9859 | D:9      | Became a worshipper of the Wu Jian Council
  9865 | D:9      | Learned a level 4 spell: Airstrike
  9870 | D:9      | Learned a level 4 spell: Summon Lightning Spire
  9891 | D:9      | Noticed a centaur warrior
  9892 | D:9      | Noticed a deep elf pyromancer
  9904 | D:9      | Killed a centaur warrior
  9911 | D:9      | Killed a deep elf pyromancer
 10069 | D:9      | Noticed a two-headed ogre
 10078 | D:9      | Killed a two-headed ogre
 10117 | D:9      | Noticed a white ugly thing
 10139 | D:9      | Killed a brown ugly thing
 10557 | D:10     | Entered Level 10 of the Dungeon
 10600 | D:10     | Noticed Nergalle
 10610 | D:10     | Killed Nergalle
 10611 | D:10     | Noticed a two-headed ogre
 10613 | D:10     | Slain by a two-headed ogre

Illustrated notes

Levels and vault maps discovered:
D:1:      lemuel_arrival_behind_the_door_small, layout_loops_ring,
          dreamdust_ecumenical_altar_drowned_temple
D:2:      minmay_alternating_diamond, layout_basic
D:3:      layout_rooms, nicolae_the_louvre
D:4:      layout_rooms, mainiacjoe_overflow_six_doors_small, uniq_duvessa
D:5:      layout_basic, mainiacjoe_overflow_alcove_4,
          minmay_temple_entry_proselytizer, minmay_statues_item,
          serial_library_hellmonk_secret_room, grunt_decor_fettered,
          minmay_fountain_box, uniq_eustachio
D:6:      nicolae_cairo_tiling, layout_loops_ring, dreamdust_wishing_well
D:7:      layout_cave_pods, lemuel_doored_altar, minmay_manual_monolith
D:8:      layout_loops_ring, dancing_weapons_uskayaw, enter_bailey_7,
          st_stairs_5, minivault_25, chequers_big_river, grunt_ministairs_5,
          minmay_manual_monstrance, uniq_maurice
D:9:      minmay_the_grid_3x2 [minmay_the_grid_spin_star,
          minmay_the_grid_aliased_spiral, minmay_the_grid_all_tris,
          minmay_the_grid_dragon_a, minmay_the_grid_pillar_ring,
          minmay_the_grid_prize_shrinking_boxes], layout_stronghold,
          zin_treasury, kennysheep_mini, mainiacjoe_overflow_catwalk_spiral,
          overflow_temple_1_default
D:10:     layout_layer_cave, dpeg_lair_monsters, erik_orc_4, serial_shops, shop,
          glass_columns_b, chequers_mini_garden, uniq_nergalle
Temple:   nicolae_temple_ecumenical_triangle

Skill      XL: |  1  2  3  4  5  6  7  8  9 10 11 |
---------------+----------------------------------+-----
Invocations    | 1 2 3 4 5 6 7 |  7.5
Short Blades   | 1 2 3 5 6 |  6.8
Long Blades    | 1 2 3 5 6 |  6.8
Axes           | 1 2 3 5 6 |  6.8
Maces & Flails | 1 2 3 5 6 |  6.8
Polearms       | 1 2 3 5 6 |  6.8
Staves         | 1 2 3 5 6 8 |  8.2
Ranged Weapons | 1 2 3 5 6 |  6.8
Throwing       | 1 2 3 5 6 |  6.8
Armour         | 1 2 3 5 6 |  6.8
Stealth        | 1 2 3 5 6 |  6.8
Shields        | 1 2 3 5 6 |  6.8
Spellcasting   | 1 2 3 5 6 |  6.8
Evocations     | 1 2 3 5 6 |  6.8
Conjurations   | 1 2 3 4 5 |  5.7
Hexes          | 1 2 3 4 5 |  5.7
Summonings     | 1 2 3 4 5 |  5.7
Necromancy     | 1 2 3 4 5 |  5.7
Translocations | 1 2 3 4 5 |  5.7
Fire Magic     | 1 2 3 4 5 |  5.7
Ice Magic      | 1 2 3 4 5 |  5.7
Air Magic      | 1 2 3 4 5 6 |  6.6
Earth Magic    | 1 2 3 4 5 |  5.7
Alchemy        | 1 2 3 4 5 |  5.7
Fighting       | 3 4 5 6 7 |  7.4
Dodging        | 5 6 7 8 |  8.3
Unarmed Combat | 7 8 9 |  9.6
Shapeshifting  | 7 8 9 |  9.1

Action                     |  1- 3 |  4- 6 |  7- 9 | 10-12 || total
---------------------------+-------+-------+-------+-------++-------
  Melee: Unarmed           |    61 |   126 |   292 |   333 ||   812
         Bite              |     2 |    11 |    32 |    49 ||    94
         Punch             |     1 |     5 |    13 |       ||    19
  Throw: Dart              |       |     2 |    17 |       ||    19
   Cast: Fugue of the Fall |       |       |     1 |     9 ||    10
         Summon Guardian G |       |       |       |    11 ||    11
         Call Canine Famil |       |       |       |     8 ||     8
         Summon Lightning  |       |       |       |     3 ||     3
         Airstrike         |       |       |       |     1 ||     1
Ability: Lunge             |       |       |       |     2 ||     2
  Evoke: Wand              |       |       |       |     1 ||     1
    Use: Scroll            |     7 |     1 |     4 |     4 ||    16
         Potion            |       |     1 |     2 |     4 ||     7
   Stab: Sleeping          |     2 |       |       |     2 ||     4
         Distracted        |       |       |       |     1 ||     1
 Armour: Animal skin       |    16 |       |       |       ||    16
         Chain mail        |    37 |     8 |       |       ||    45
         Plate armour      |       |   120 |   280 |       ||   400
         Skin              |       |       |     4 |   189 ||   193
  Dodge: Dodged            |    36 |    41 |   118 |   289 ||   484
   Form: Flux              |       |       |     1 |       ||     1

Table legend: (Time is in decaauts)
 A = Elapsed time spent in this place.
 B = Non-inter-level travel time spent in this place.
 C = Inter-level travel time spent in this place.
 D = Time resting spent in this place.
 E = Time spent auto-exploring this place.
 F = Levels seen in this place.
 G = Mean time per level.
                   A        B        C        D        E       F      G
               +--------+--------+--------+--------+--------+-----+--------+
         Total |  10533 |  10349 |    184 |   1418 |   4422 |  12 |  877.8 |
       Dungeon |   9605 |   9421 |    184 |   1261 |   4380 |  10 |  960.5 |
        Temple |     90 |     90 |      0 |     36 |      0 |   1 |   90.0 |
        Bailey |    836 |    836 |      0 |    121 |     42 |   1 |  836.0 |
               +--------+--------+--------+--------+--------+-----+--------+

Top non-repeatable levels by time:
     D:8: 1561 daAuts
     D:5: 1509 daAuts
     D:7: 1374 daAuts
     D:9: 1278 daAuts
     D:3: 909 daAuts
  Bailey: 836 daAuts
     D:1: 799 daAuts
     D:4: 734 daAuts
     D:2: 715 daAuts
     D:6: 671 daAuts
  Temple: 90 daAuts
    D:10: 53 daAuts
